 Dungeon Crawl Stone Soup version 0.24-a0-484-g962a3eeff7 (webtiles) character file.

Game seed: 16004957440211865240

112 DonutEater the Digger (level 4, -2/24 HPs)
             Began as a Gargoyle Earth Elementalist on July 9, 2019.
             Slain by an orc
             ... wielding a +0 flail
              (6 damage)
             ... on level 3 of the Dungeon.
             The game lasted 00:06:38 (2520 turns).

DonutEater the Digger (Gargoyle Earth Elementalist) Turns: 2520, Time: 00:06:38

Health: -2/24      AC:  8    Str: 12    XL:     4   Next: 93%
Magic:  2/8        EV: 12    Int: 16    God:
Gold:   118        SH:  0    Dex: 10    Spells: 5/9 levels left

rFire    . . .     SeeInvis +   a - +1 club
rCold    . . .     Gourm    .   (no shield)
rNeg     + . .     Faith    .   c - +1 robe
rPois    ∞         Spirit   .   g - +1 helmet
rElec    +         Reflect  .   (no cloak)
rCorr    .         Harm     .   (no gloves)
MR       .....                  (no boots)
Stlth    ++........             (no amulet)
HPRegen  0.08/turn              f - ring of see invisible
MPRegen  0.11/turn              (no ring)

@: no status effects
A: negative energy resistance 1, electricity resistance, unbreathing,
petrification resistance, rot immunity, AC +3
a: no special abilities


You were on level 3 of the Dungeon.
You were hungry.

You visited 1 branch of the dungeon, and saw 3 of its levels.

You collected 118 gold pieces.

Inventory:

Hand Weapons
 a - a +1 club (weapon)
 l - a +0 flail
Missiles
 b - 109 stones (quivered)
Armour
 c - a +1 robe (worn)
 g - a +1 helmet (worn)
Jewellery
 f - a ring of see invisible (left hand)
Wands
 k - a wand of iceblast (8)
Scrolls
 i - 2 scrolls of remove curse
Potions
 e - a potion of heal wounds
 h - a potion of ambrosia
 j - a potion of berserk rage
 m - a potion of haste {unknown}
 n - a potion of magic {unknown}
Comestibles
 d - 7 rations


   Skills:
 - Level 1.5 Dodging
 - Level 2.1 Stealth
 + Level 3.2 Spellcasting
 + Level 2.0 Conjurations
   Level 0.7 Transmutations
 + Level 5.0 Earth Magic


You had 5 spell levels left.
You knew the following spells:

 Your Spells              Type           Power        Failure   Level  Hunger
a - Sandblast             Erth           ###...       2%          1    None
b - Stone Arrow           Conj/Erth      ##....       13%         3    ###....

Your spell library contained the following spells:

 Spells                   Type           Power        Failure   Level  Hunger
 Passwall                 Tmut/Erth      ##......     9%          2    ##.....
 Petrify                  Tmut/Erth      ##......     50%         4    ####...
 Lee's Rapid Deconstruct  Erth           ###.......   54%         5    ######.


Dungeon Overview and Level Annotations

Branches:
Dungeon (3/15)

Altars:
Sif Muna
The Shining One


Innate Abilities, Weirdness & Mutations

You are resistant to torment.
Your stone body is resilient. (AC +3)
You are immune to poison.
You resist negative energy. (rN+)
You are resistant to electric shocks. (rElec)
You can survive without breathing.
You are immune to petrification.
You are immune to rotting.


Message History

Press: ? - help, Shift-Dir - straight line, f/p - orc
Aim: an orc, wielding a +0 flail and wearing a +0 chain mail (heavily wounded)
The blast of sand hits the orc but does no damage.
The orc is heavily wounded.
b - 110 stones The orc hits you with a +0 flail.
* * * LOW HITPOINT WARNING * * *
You hit the orc but do no damage.
The orc is heavily wounded.
The orc closely misses you.
Casting: Sandblast (safe; 2% risk of failure)
Confirm with . or Enter, or press ? or * to list all spells.
Aiming: Sandblast (safe; 2% risk of failure)
Press: ? - help, Shift-Dir - straight line, f/p - orc
Aim: an orc, wielding a +0 flail and wearing a +0 chain mail (heavily wounded)
The blast of sand hits the orc.
The orc is almost dead.
b - 109 stones The orc hits you with a +0 flail.
You die...

....................#
.................##.#
#######...###.##.#
#...# #.# .. #...#
#.# #.# #.[.# #.. #
#...########
###..........#
#.......####@#
..#.#..#..####o#
#...........##.#
#.#.#.#...#.##.##
#.#............$####
###...............#
###.......#.###.#
###.....#.#
...........


You could see an orc.

Vanquished Creatures
  Robin (D:2)
  2 adders
  An ooze (D:2)
  3 worms (D:2)
  4 dart slugs
  2 leopard geckos
  4 orcs (D:3)
  5 bats
  A giant cockroach (D:1)
  12 goblins
  7 hobgoblins
  A quokka (D:3)
  3 frilled lizards (D:2)
  5 kobolds
  3 rats
54 creatures vanquished.

Notes
Turn   | Place    | Note
-------+----------+-------------------------------------------
     0 | D:1      | DonutEater the Gargoyle Earth Elementalist began the quest
                  | for the Orb.
     0 | D:1      | Reached XP level 1. HP: 10/10 MP: 3/3
   467 | D:1      | Reached skill level 4 in Earth Magic
   467 | D:1      | Reached XP level 2. HP: 15/15 MP: 5/5
  1225 | D:2      | Reached XP level 3. HP: 19/19 MP: 6/6
  1230 | D:2      | Learned a level 3 spell: Stone Arrow
  1472 | D:2      | Reached skill level 1 in Conjurations
  1563 | D:2      | Noticed Robin
  1579 | D:2      | Killed Robin
  1579 | D:2      | Reached XP level 4. HP: 10/24 MP: 0/8
  1808 | D:2      | Found a deep blue altar of Sif Muna.
  2031 | D:2      | Found a faded altar of an unknown god.
  2134 | D:2      | Found a glowing golden altar of the Shining One.
  2514 | D:3      | Reached skill level 5 in Earth Magic
  2520 | D:3      | Slain by an orc

Levels and vault maps discovered:
D:1:      saegor_arrival_simple_e, layout_basic
D:2:      layout_loops_ring, overflow_temple_1_default, tso_oasis_becter,
          chequers_ecumenical_altar_island, uniq_robin
D:3:      layout_loops_cross, overflow_temple_1_default, uniq_crazy_yiuf_cottage

Skill      XL: |  1  2  3  4 |
---------------+-------------+-----
Earth Magic    | 4 5 |  5.0
Conjurations   | 1 2 |  2.0
Spellcasting   | 3 |  3.2
Dodging        | |  1.5
Stealth        | |  2.1
Transmutations | |  0.7

Action                   |  1- 3 |  4- 6 || total
-------------------------+-------+-------++-------
Melee: Club              |    61 |    72 ||   133
 Cast: Sandblast         |    25 |    13 ||    38
       Stone Arrow       |     1 |     3 ||     4
  Use: Scroll            |     9 |     3 ||    12
       Potion            |     1 |       ||     1
 Stab: Sleeping          |     2 |     1 ||     3
  Eat: Chunk             |     2 |     3 ||     5
Armor: Robe              |    21 |    40 ||    61
Dodge: Dodged            |    51 |    48 ||    99

Table legend:
 A = Non-vault XP
 B = Vault XP
 C = Vault XP percentage of total XP
 D = Non-vault monster count
 E = Vault monster count
 F = Vault count percentage of total count
                 A         B        C        D         E       F
            +---------+---------+-------+---------+---------+-------
      Total |     125 |      35 |  21.9 |      43 |      11 |  20.4
            +---------+---------+-------+---------+---------+-------
        D:1 |      31 |       0 |   0.0 |      15 |       0 |   0.0
        D:2 |      65 |      35 |  35.0 |      21 |      11 |  34.4
        D:3 |      29 |       0 |   0.0 |       7 |       0 |   0.0
            +---------+---------+-------+---------+---------+-------
